 Dungeon Crawl Stone Soup version 0.25-a0-366-g516bc45ae0 (webtiles) character file.

Game seed: 9597160026085647737, levelgen mode: deterministic

16335 DerDa the Fighter (level 12, -7/65 HPs)
             Began as a Vine Stalker Fighter on Jan 6, 2020.
             Was a High Priest of Okawaru.
             Killed from afar by an ice dragon (15 damage)
             ... with a blast of cold
             ... on level 13 of the Dungeon.
             The game lasted 00:40:59 (10597 turns).

DerDa the Fighter (Vine Stalker Fighter)           Turns: 10597, Time: 00:40:59

Health: -7/65      AC: 18    Str: 17    XL:     12   Next: 36%
Magic:  0/25       EV: 15    Int: 12    God:    Okawaru [*****.]
Gold:   92         SH: 18    Dex: 23    Spells: 27/27 levels left

rFire    + . .     SeeInvis .   a - +4 spear (freeze)
rCold    + . .     Gourm    .   c - +0 shield
rNeg     . . .     Faith    .   T - +0 chain mail of the Doldrums {rElec rPois Regen+ Str-3}
rPois    +         Spirit   +   I - +0 helmet
rElec    +         Reflect  +   O - +0 cloak
rCorr    .         Harm     .   U - +1 pair of gloves {Dex+3}
MR       +....                  (no boots)
Stlth    ..........             e - +4 amulet of reflection
HPRegen  1.40/turn              P - ring of protection from cold
MPRegen  0.19/turn              V - ring of Culicir {rF+ Str+2 Int+4}

@: heroism, finesse, studying Fighting
A: fangs 3, regeneration 2, magic shield, antimagic bite, no potion heal 3, rot
immunity
a: Heroism, Finesse, Renounce Religion


You were on level 13 of the Dungeon.
You worshipped Okawaru.
Okawaru was extremely pleased with you.
You were hungry.

You visited 2 branches of the dungeon, and saw 14 of its levels.
You also visited: Bailey.

You collected 552 gold pieces.
You spent 460 gold pieces at shops.

Inventory:

Hand Weapons
 a - a +4 spear of freezing (weapon)
 B - a +1 short sword of speed
 G - a +2 hunting sling of freezing
Missiles
 p - 374 stones
 w - 33 poisoned darts (quivered)
 Q - 77 bolts
Armour
 c - a +0 shield (worn)
 I - a +0 helmet (worn)
 O - a +0 cloak (worn)
 T - the +0 chain mail of the Doldrums (worn) {rElec rPois Regen+ Str-3}
   (You bought it in a shop on level 11 of the Dungeon)

   It affects your strength (-3).
   It insulates you from electricity.
   It protects you from poison.
   It increases your rate of regeneration.
 U - a +1 pair of gloves of dexterity (worn)
Jewellery
 e - a +4 amulet of reflection (around neck)
 o - a +4 ring of dexterity
 u - an uncursed amulet of faith
 v - a +4 ring of strength
 P - a ring of protection from cold (left hand)
 S - a +2 ring of strength
 V - the ring of Culicir (right hand) {rF+ Str+2 Int+4}
   (You took it off an orc on level 10 of the Dungeon)

   [ring of protection from fire]

   It affects your strength (+2).
   It affects your intelligence (+4).
   It protects you from fire.
Wands
 m - a wand of polymorph (3)
 y - a wand of iceblast (9)
 C - a wand of disintegration (31)
 E - a wand of random effects (13)
 F - a wand of acid (10)
 J - a wand of clouds (2)
Scrolls
 i - 7 scrolls of teleportation
 k - 4 scrolls of magic mapping
 l - a scroll of enchant weapon
 q - 5 scrolls of enchant armour
 z - a scroll of vulnerability
 A - 2 scrolls of blinking
 H - a scroll of amnesia
 N - a scroll of holy word
Potions
 d - 3 potions of might
 g - 2 potions of heal wounds
 h - a potion of brilliance {unknown}
 j - 4 potions of curing
 n - 2 potions of resistance {unknown}
 s - 2 potions of magic {unknown}
 t - 2 potions of degeneration {unknown}
 x - 3 potions of agility
 D - a potion of ambrosia {unknown}
 L - a potion of cancellation {unknown}
 M - a potion of mutation {unknown}
Books
 R - a manual of Fighting
Miscellaneous
 b - a lightning rod (3/4)
Comestibles
 f - 24 rations


   Skills:
 + Level 8.7(13.7) Fighting
   Level 1.7(6.7) Long Blades
 + Level 7.5(12.5) Armour
 + Level 7.0(12.0) Dodging
 + Level 8.2(13.2) Shields
 + Level 8.3 Spellcasting
 + Level 4.7 Invocations
 + Level 4.3 Evocations


You had 27 spell levels left.
You didn't know any spells.
Your spell library was empty.

Dungeon Overview and Level Annotations

Branches:
Dungeon (13/15)            Temple (1/1) D:4            Lair (0/6) D:9
    Orc (0/2) D:10         Bailey (visited)
 Vaults: D:13-14

Altars:
Ashenzari
Cheibriados
Dithmenos
Elyvilon
Fedhas
Gozag
Hepliaklqana
Kikubaaqudgha
Makhleb
Nemelex Xobeh
Okawaru
Qazlal
Ru
Sif Muna
Trog
Uskayaw
Vehumet
Wu Jian
Xom
Yredelemnul
Zin
The Shining One

Shops:
D:7 :   D:11 [

Annotations:
D:11 1 transporter, Fieqaj's ghost, journeyman TeCj
D:13 exclusion: ice statue


Innate Abilities, Weirdness & Mutations

You have razor-sharp teeth.
You heal very quickly.
When hurt, damage is shared between your health and your magic reserves.
Your bite disrupts and absorbs the magic of your enemies.
Potions cannot restore your health.
You are immune to rotting.


Message History

You block the ice dragon's attack.
You hit the ice dragon.
You bite the ice dragon, but do no damage.
The ice dragon is severely wounded.
Evoke which item? (* to show all) (? for menu, Esc to quit)
Aiming: Thunderbolt
Press: ? - help, Shift-Dir - straight line, f - ice dragon
Aim: an ice dragon (severely wounded)
The thunderbolt hits the ice beast!
You kill the ice beast!
Okawaru accepts your kill.
Your base Dodging skill increases to level 7!
The thunderbolt hits the ice beast!
The ice beast is heavily wounded.
The thunderbolt hits the ice dragon!
The ice dragon is almost dead.
You hear an angry growl.
The ice dragon breathes frost at you. The blast of cold hits you!! You resist.
You die...

.##......# ##...##
.........# ##.##
.^.......# #.#
#.##.....# ##.##
..######## #...#
.## ##..# .# ##Y#
<#### #D#
....######### #@#
.##.##......## #.#
.......###...###.#
###.#### #.......#
...# #...#####
##### #####


You could see an ice dragon and an ice beast.

Vanquished Creatures
  A hydra (D:13)
  3 two-headed ogres
  3 death yaks (D:9)
  The ghost of astraldaughter the Conjurer, a novice DrWz (D:6)
  An orc knight (Bailey)
  A manticore (D:11)
  A cyclops (D:11)
  Maurice (D:9)
  Psyche (D:9)
  A hornet (D:13)
  4 hippogriffs
  A meliai zombie (D:13)
  A spriggan (D:8)
  5 yaks (D:8)
  A shadow (D:11)
  A wraith (D:13)
  Menkaure (D:4)
  3 hungry ghosts (D:9)
  A soldier ant (D:13)
  2 porcupines (D:8)
  14 orc warriors
  4 ogres
  2 sky beasts
  11 ice beasts
  3 phantoms
  A crocodile (D:10)
  A gnoll sergeant (D:10)
  8 bullfrogs
  A wyvern zombie (D:10)
  7 scorpions
  9 killer bees (D:9)
  7 wights
  4 howler monkeys
  5 crimson imps
  A bullfrog zombie (D:7)
  2 quasits
  A jelly (D:7)
  7 orc priests
  3 hounds
  2 centaur skeletons
  4 iguanas
  9 orc wizards
  A hell rat (D:9)
  9 worker ants
  A hound zombie (D:6)
  A hound skeleton (D:7)
  A howler monkey zombie (D:10)
  12 gnolls
  9 adders
  2 shadow imps
  A white imp (D:13)
  An ooze (D:1)
  An adder zombie (D:6)
  An adder skeleton (D:6)
  5 worms
  4 dart slugs
  4 leopard geckos
  39 orcs
  7 giant cockroaches
  5 goblins
  5 hobgoblins
  6 jackals
  3 quokkas
  A ball python (D:4)
  11 bats
  3 frilled lizards
  A jackal skeleton (D:5)
  4 kobolds
  2 leopard gecko skeletons
  A leopard gecko zombie (D:8)
  A quokka zombie (D:7)
  5 rats
287 creatures vanquished.

Vanquished Creatures (others)
  An orc warrior (Bailey)
  An ogre (D:4)
  A centaur (D:7)
  A howler monkey (D:4)
  A worker ant (D:4)
  An adder (D:4)
  2 dart slugs (D:4)
  7 orcs (Bailey)
  A ball python (D:4)
16 creatures vanquished.

Grand Total: 303 creatures vanquished

Notes
Turn   | Place    | Note
-------+----------+-------------------------------------------
     0 | D:1      | DerDa the Vine Stalker Fighter began the quest for the Orb.
     0 | D:1      | Reached XP level 1. HP: 11/11 MP: 2/2
    97 | D:1      | Reached XP level 2. HP: 4/16 MP: 3/3
   787 | D:2      | Reached XP level 3. HP: 19/19 MP: 5/5
   844 | D:2      | Reached skill level 1 in Spellcasting
  1279 | D:2      | Reached skill level 1 in Dodging
  1418 | D:2      | Gained mutation: Your natural rate of healing is unusually
                  | fast. [Vine Stalker growth]
  1418 | D:2      | Reached XP level 4. HP: 24/24 MP: 5/7
  1692 | D:3      | Reached XP level 5. HP: 16/28 MP: 5/8
  2361 | D:4      | Killed an ogre
  2368 | D:4      | Identified the +2 robe of Compression {+Fly rC- rCorr}
  2370 | D:4      | Noticed Menkaure
  2424 | D:3      | Reached XP level 6. HP: 4/32 MP: 2/10
  2569 | D:4      | Killed Menkaure
  2575 | D:4      | Reached XP level 7. HP: 16/37 MP: 5/12
  2658 | D:4      | Found a staircase to the Ecumenical Temple.
  2672 | Temple   | Entered the Ecumenical Temple
  3519 | D:4      | Found a shimmering altar of Xom.
  3548 | D:4      | Found a hide-covered altar of Uskayaw.
  3549 | D:4      | Found an opulent altar of Gozag.
  3549 | D:4      | Found a basalt altar of Yredelemnul.
  3551 | D:4      | Found a radiant altar of Vehumet.
  3554 | D:4      | Found an ornate altar of the Wu Jian Council.
  3555 | D:4      | Found a bloodstained altar of Trog.
  3586 | D:5      | Entered Level 5 of the Dungeon
  3910 | D:5      | Gained mutation: You have razor-sharp teeth. [Vine Stalker
                  | growth]
  3910 | D:5      | Reached XP level 8. HP: 38/42 MP: 14/14
  4524 | D:6      | Noticed astraldaughter's ghost (novice DrWz)
  4525 | D:6      | Found a large runed translucent door.
  4525 | D:6      | Found a large runed translucent door.
  4717 | D:6      | Reached skill level 5 in Fighting
  4908 | D:7      | Found an iron altar of Okawaru.
  4908 | D:7      | Found a shadowy altar of Dithmenos.
  4914 | D:7      | Became a worshipper of Warmaster Okawaru
  4959 | D:7      | Reached skill level 5 in Shields
  5096 | D:7      | Found Akiothro's Book Shop.
  5198 | D:7      | Reached XP level 9. HP: 47/47 MP: 17/17
  5412 | D:7      | Reached skill level 5 in Armour
  5412 | D:7      | Reached skill level 5 in Spellcasting
  5492 | D:7      | Reached * piety under Okawaru
  5962 | D:8      | Reached ** piety under Okawaru
  5992 | D:8      | Reached XP level 10. HP: 45/53 MP: 16/20
  6001 | D:8      | Reached skill level 5 in Dodging
  6185 | D:8      | Found a stormy altar of Qazlal.
  6537 | D:6      | Killed astraldaughter's ghost
  6683 | D:9      | Reached *** piety under Okawaru
  6703 | D:9      | Noticed Maurice
  6824 | D:9      | Noticed a two-headed ogre
  6853 | D:9      | Killed a two-headed ogre
  6853 | D:9      | Reached skill level 1 in Invocations
  6853 | D:9      | Reached skill level 1 in Evocations
  7028 | D:9      | Found a shattered altar of Ashenzari.
  7071 | D:9      | Killed Maurice
  7071 | D:9      | Reached **** piety under Okawaru
  7113 | D:9      | Noticed a death yak
  7115 | D:9      | Noticed a death yak
  7131 | D:9      | Noticed a death yak
  7157 | D:9      | Killed a death yak
  7157 | D:9      | Reached XP level 11. HP: 15/58 MP: 18/22
  7165 | D:9      | Killed a death yak
  7165 | D:9      | Reached ***** piety under Okawaru
  7167 | D:9      | Killed a death yak
  7410 | D:9      | Found a staircase to the Lair.
  7611 | D:9      | Noticed Psyche
  7621 | D:9      | Killed Psyche
  7704 | D:10     | Entered Level 10 of the Dungeon
  7753 | D:10     | Identified the ring of Culicir {rF+ Str+2 Int+4}
  7774 | D:10     | Found a burning altar of Makhleb.
  8036 | D:10     | Found a flagged portal.
  8045 | Bailey   | Entered a bailey
  8483 | Bailey   | Noticed an orc knight
  8492 | Bailey   | Killed an orc knight
  9056 | D:10     | Found a staircase to the Orcish Mines.
  9085 | D:10     | Received a gift from Okawaru
  9364 | D:11     | Noticed a cyclops
  9379 | D:11     | Killed a cyclops
  9403 | D:11     | Reached ****** piety under Okawaru
  9617 | D:11     | Noticed a moth of wrath
  9617 | D:11     | Noticed Fieqaj's ghost (journeyman TeCj)
  9618 | D:11     | Found a bloodstained altar of Trog.
  9623 | D:11     | Found a transporter.
  9623 | D:11     | Noticed a cyclops
  9623 | D:11     | Noticed a manticore
  9623 | D:11     | Noticed a two-headed ogre
  9810 | D:11     | Noticed a two-headed ogre
  9819 | D:11     | Killed a two-headed ogre
  9819 | D:11     | Gained mutation: You heal very quickly. [Vine Stalker
                  | growth]
  9819 | D:11     | Reached XP level 12. HP: 52/65 MP: 24/24
  9963 | D:11     | Killed a two-headed ogre
 10014 | D:11     | Identified the +12 halberd of the Kidney {vamp, rF+ MR+
                  | Dex-2 Stlth+}
 10017 | D:11     | Noticed a two-headed ogre
 10024 | D:11     | Found Ipso's Armour Shoppe.
 10036 | D:11     | Bought the +0 chain mail of the Doldrums {rElec rPois
                  | Regen+ Str-3} for 229 gold pieces
 10036 | D:11     | Bought a +1 pair of gloves of dexterity for 231 gold pieces
 10105 | D:11     | You fall into a shaft and drop 2 floors!
 10351 | D:13     | Noticed an eight-headed hydra
 10371 | D:13     | Killed an eight-headed hydra
 10468 | D:13     | Noticed an ice dragon
 10597 | D:13     | Killed from afar by an ice dragon

Levels and vault maps discovered:
D:1:      lightli_arrival_flooded_house, layout_basic
D:2:      layout_loops_ring
D:3:      layout_basic, minmay_large_rounded_square
D:4:      layout_basic, minitemple, minmay_temple_entry_trees,
          xom_confusion_cloud, uniq_menkaure
D:5:      layout_loops_cross, first_ration
D:6:      layout_basic, ebering_ghost_disaster_area
D:7:      layout_loops_ring, gammafunk_temple_overflow_wave, serial_shops,
          nicolae_shop_stone, item_on_display_a
D:8:      layout_cave_pools, nicolae_qazlal_style_of_elements, grunt_pizzeria,
          chequers_serial_rivers_micro_e
D:9:      layout_cave_pools, marbit_many_paths, dpeg_lair_monsters,
          serial_column_ruins, column_ruins_columns_dead_end,
          column_ruins_grid_1, column_ruins_open_tiny, minivault_25,
          st_stairs_13, minmay_misc_feat_chi, grunt_decor_arrowhead,
          uniq_psyche, uniq_maurice
D:10:     cheibrodos_iron_armory, layout_irregular_city, david_orc_2,
          enter_bailey_8, basic_altar, small_chamber_with_monster,
          chequers_serial_rivers_micro_c
D:11:     layout_rooms, gammafunk_ghost_wrathful_warriors, serial_shops,
          nicolae_shop_window_shopping
D:12:     layout_cave_pods, ebering_ghost_reflecting_pool, serial_shops, shop,
          uniq_nergalle, uniq_nessos
D:13:     layout_loops_cross, ice2_lemuel
Temple:   minmay_temple_forest_path

Skill      XL: |  1  2  3  4  5  6  7  8  9 10 11 12 |
---------------+-------------------------------------+-----
Spellcasting   | 1 2 3 4 6 7 8 |  8.3
Fighting       | 3 4 5 6 7 8 |  8.7
Shields        | 3 4 5 6 7 8 |  8.2
Dodging        | 1 2 3 4 5 6 7 |  7.0
Armour         | 3 4 5 6 7 |  7.5
Invocations    | 2 4 |  4.7
Evocations     | 2 3 4 |  4.3
Long Blades    | |  1.7

Action                   |  1- 3 |  4- 6 |  7- 9 | 10-12 || total
-------------------------+-------+-------+-------+-------++-------
Melee: Long sword        |    90 |   144 |    89 |       ||   323
       Bite              |    20 |    51 |   192 |   330 ||   593
       Short sword       |       |       |   312 |   407 ||   719
       Spear             |       |       |       |   460 ||   460
 Fire: Hunting sling     |       |       |       |     6 ||     6
Throw: Dart              |       |       |       |     7 ||     7
Invok: Heroism           |       |       |       |     3 ||     3
       Finesse           |       |       |       |     2 ||     2
Evoke: Wand              |       |       |       |     3 ||     3
       Lightning rod     |       |       |       |     1 ||     1
  Use: Scroll            |       |       |       |    16 ||    16
  Eat: Chunk             |     2 |     4 |    11 |    16 ||    33
       Ration            |       |       |       |     1 ||     1
Armor: Scale mail        |    49 |    37 |    67 |    83 ||   236
       Chain mail        |       |       |       |    44 ||    44
Dodge: Dodged            |    26 |    42 |    79 |   271 ||   418
Block: Shield            |    51 |    81 |   215 |   584 ||   931
       Reflection        |       |       |     3 |    38 ||    41
       Rpst.: Long sword |    10 |    13 |     7 |       ||    30

Table legend:
 A = Non-vault XP
 B = Vault XP
 C = Vault XP percentage of total XP
 D = Non-vault monster count
 E = Vault monster count
 F = Vault count percentage of total count
                 A         B        C        D         E       F
            +---------+---------+-------+---------+---------+-------
      Total |   14479 |    8857 |  38.0 |     241 |      55 |  18.6
            +---------+---------+-------+---------+---------+-------
        D:1 |      31 |       0 |   0.0 |      15 |       0 |   0.0
        D:2 |      71 |       0 |   0.0 |      22 |       0 |   0.0
        D:3 |     183 |       0 |   0.0 |      23 |       0 |   0.0
        D:4 |     398 |     188 |  32.1 |      15 |       2 |  11.8
        D:5 |     530 |       0 |   0.0 |      12 |       0 |   0.0
        D:6 |     504 |     592 |  54.0 |      17 |       1 |   5.6
        D:7 |    1402 |       0 |   0.0 |      28 |       0 |   0.0
        D:8 |    2203 |     506 |  18.7 |      23 |       3 |  11.5
        D:9 |    2026 |    4603 |  69.4 |      28 |       9 |  24.3
       D:10 |    1282 |     365 |  22.2 |      32 |       7 |  17.9
       D:11 |    3810 |       0 |   0.0 |      18 |       0 |   0.0
       D:12 |     122 |       0 |   0.0 |       1 |       0 |   0.0
       D:13 |    1917 |     918 |  32.4 |       7 |       8 |  53.3
     Bailey |       0 |    1685 | 100.0 |       0 |      25 | 100.0
            +---------+---------+-------+---------+---------+-------
